 Dungeon Crawl Stone Soup version 0.26.0-7-g794d0892b4 (webtiles) character file.

Game seed: 9731009237610476083

47879 Jerry the Brawler (level 14, -7/143 HPs)
             Began as a Troll Chaos Knight on Jan 11, 2021.
             Was a Plaything of Xom.
             Splashed by an acid blob's acid (16 damage)
             ... on level 1 of the Pits of Slime.
             The game lasted 01:13:18 (14751 turns).

Jerry the Brawler (Troll Chaos Knight)             Turns: 14751, Time: 01:13:18

Health: -7/143     AC: 13    Str: 22      XL:     14   Next: 10%
Magic:  0/13       EV: 22    Int:  7 (8)  God:    Xom [*.....]
Gold:   1383       SH:  0    Dex: 10      Spells: 13/13 levels left

rFire    . . .     SeeInvis .     - Unarmed
rCold    . . .     Faith    .   (no shield)
rNeg     . . .     Spirit   +   F - +0 troll leather armour
rPois    .         Reflect  .   B - +1 hat
rElec    +         Harm     .   a - +2 cloak {Will+}
rCorr    .         Rampage  .   (gloves unavailable)
Will     +++..                  (boots unavailable)
Stlth    +.........             I - amulet of guardian spirit
HPRegen  1.13/turn              c - +4 ring of evasion
MPRegen  0.13/turn              d - +4 ring of evasion

@: marked
A: large, unfitting armour, claws 3, deterioration 2, dopey 1, strong-willed 1,
regeneration 1, shaggy fur 1, electricity resistance, tough skin 3, weak 1
a: Renounce Religion


You were on level 1 of the Pits of Slime.
You worshipped Xom.
You were a special plaything of Xom.
You visited 4 branches of the dungeon, and saw 17 of its levels.

You collected 1383 gold pieces.

Inventory:

Hand Weapons
 s - a +2 whip of electrocution
Armour
 a - a +2 cloak of willpower (worn)
 B - a +1 hat (worn)
 F - a +0 troll leather armour (worn)
 J - a scarf of invisibility
 O - +0 fire dragon scales
Jewellery
 c - a +4 ring of evasion (left claw)
 d - a +4 ring of evasion (right claw)
 e - an uncursed ring of wizardry
 f - an uncursed ring of poison resistance
 y - the ring "Viacofoo" {rElec rC+ Int+5 Dex-2}
   (You found it on level 6 of the Dungeon)

   [ring of protection from cold]

   It affects your intelligence (+5).
   It affects your dexterity (-2).
   It protects you from cold.
   It insulates you from electricity.
 A - an uncursed ring of resist corrosion
 E - an uncursed ring of positive energy
 G - an uncursed ring of see invisible
 I - an amulet of guardian spirit (around neck)
Wands
 b - a wand of disintegration (8)
 g - a wand of flame (6)
 u - a wand of digging (3)
 M - a wand of paralysis (11)
 N - a wand of enslavement (8)
Scrolls
 i - 2 scrolls of fog
 j - a scroll of fear
 k - 6 scrolls of remove curse
 l - 5 scrolls of enchant weapon
 v - a scroll of amnesia
 x - 2 scrolls of identify
 z - a scroll of noise
 D - a scroll of acquirement
 H - 5 scrolls of magic mapping
 L - a scroll of summoning {unknown}
Potions
 h - 4 potions of haste
 m - 2 potions of ambrosia
 n - 6 potions of heal wounds {unknown}
 o - 4 potions of berserk rage
 q - 4 potions of resistance {unknown}
 r - 4 potions of curing {unknown}
 t - a potion of lignification {unknown}
 w - 4 potions of attraction
 C - a potion of magic
 K - a potion of cancellation
Miscellaneous
 p - a lightning rod (4/4)


   Skills:
 - Level 10.1 Fighting
 + Level 7.1 Armour
 + Level 10.2 Dodging
 - Level 0.8 Stealth
 * Level 16.0 Unarmed Combat


You had 13 spell levels left.
You didn't know any spells.
Your spell library contained the following spells:

 Spells                   Type           Power        Failure   Level
 Animate Skeleton         Necr           0%           45%         1
 Apportation              Tloc           0%           45%         1
 Corona                   Hex            0%           45%         1
 Summon Small Mammal      Summ           0%           45%         1
 Call Imp                 Summ           0%           61%         2
 Call Canine Familiar     Summ           0%           83%         3
 Summon Guardian Golem    Hex/Summ       0%           83%         3
 Cause Fear               Hex            0%           99%         4
 Summon Ice Beast         Ice/Summ       0%           99%         4
 Summon Lightning Spire   Summ/Air       0%           99%         4
 Silence                  Hex/Air        0%           100%        5
 Yara's Violent Unravell  Hex/Tmut       0%           100%        5
 Chain Lightning          Conj/Air       0%           100%        8
 Discord                  Hex            0%           100%        8
 Lehudib's Crystal Spear  Conj/Erth      0%           100%        8
 Absolute Zero            Ice            0%           100%        9
 Fire Storm               Conj/Fire      0%           100%        9


Dungeon Overview and Level Annotations

Branches:
Dungeon (9/15)             Temple (1/1) D:5            Lair (6/6) D:9
 Shoals (0/4) Lair:4        Snake (0/4) Lair:4        Slime (1/5) Lair:5
    Orc (0/2) D:9

Altars:
Ashenzari
Cheibriados
Dithmenos
Elyvilon
Fedhas
Gozag
Hepliaklqana
Kikubaaqudgha
Makhleb
Nemelex Xobeh
Okawaru
Qazlal
Ru
Sif Muna
Trog
Uskayaw
Vehumet
Wu Jian
Xom
Yredelemnul
Zin
The Shining One
Beogh

Shops:
D:5 (

Annotations:
D:8 2 transporters
Lair:2 1 runed translucent door, exclusion: ice statue, wty's ghost, journeyman VSCj


Innate Abilities, Weirdness & Mutations

You are too large for most types of armour.
You have claws for hands.
Your natural rate of healing is unusually fast.
You are covered in fur. (AC +1)
You have extremely tough skin. (AC +3)
Your body often deteriorates upon taking damage.
You are dopey. (Int -2)
You are strong-willed. (Will+)
You are resistant to electric shocks. (rElec)
You are weak. (Str -2)


Message History

The slime creature evaporates and reforms as a snapping turtle!
The acid blob hits you!!
* * * LOW HITPOINT WARNING * * *
Your body deteriorates!
You feel dopey.
You are splashed with acid!
* * * LOW HITPOINT WARNING * * *
The acid blob barely misses you. The slime creature barely misses you.
As you read the scroll of fear, it crumbles to dust.
You assume a fearsome visage.
The snapping turtle looks frightened!
The slime creature looks frightened! x2; The slime creature easily resists.
The very large slime creature looks frightened!
The acid blob resists with almost no effort.
The wall burns the snapping turtle!
The acid blob misses you. The slime creature barely misses you.
The acid blob spits acid at you. The splash of acid hits you!
* * * LOW HITPOINT WARNING * * *
You are splashed with acid!
You die...
Xom roars with laughter!

#...............................
##................t....###......
##.......#....J......## ##...##
#........#.......##### ##.###
##.##...........###### ### ##
#........JJ###...## ####
#.......J..##.....#≈≈≈≈≈
#.......#J...#..<....≈≈≈≈
##.#...##..@.........≈≈≈≈
###...###.........##≈≈≈≈ #....
##.....#### ### #..... #######
##....


You could see an acid blob, a very large slime creature (fleeing) and 3 slime
creatures.

Vanquished Creatures
  An acid blob (Slime:1)
  A dire elephant (Lair:6)
  2 great orbs of eyes
  6 hydras
  A two-headed ogre (D:9)
  A catoblepas (Lair:6)
  Pikel (D:7)
  3 harpies
  3 lindwurms (Lair:6)
  2 manticores (Lair:6)
  3 elephants (Lair:4)
  5 black mambas
  Joseph (D:7)
  7 torpor snails
  13 cane toads
  4 rime drakes
  10 komodo dragons
  4 trolls (D:9)
  4 tyrant leeches (Lair:6)
  5 polar bears
  9 hornets
  9 blink frogs
  3 dream sheep (Lair:6)
  12 slime creatures (Slime:1)
  24 yaks
  2 basilisks
  8 wyverns
  A naga (Lair:4)
  10 water moccasins
  Duvessa (D:4)
  5 ice beasts (Lair:2)
  2 sky beasts
  A black bear (D:9)
  3 orc warriors
  A hornet zombie (D:9)
  2 phantoms
  3 ogres
  24 wolves
  5 centaurs
  A big kobold (D:9)
  16 bullfrogs
  A gnoll sergeant (D:7)
  2 scorpions (D:9)
  Dowan (D:4)
  3 killer bees (D:9)
  A water moccasin skeleton (D:4)
  3 wights (D:8)
  4 howler monkeys (D:7)
  A quasit (D:6)
  A bullfrog skeleton (D:8)
  5 hounds
  An iron imp (D:7)
  A jelly (D:3)
  5 orc priests
  2 orc wizards (D:7)
  Ijyb (D:4)
  3 iguanas
  14 hell rats (Lair:6)
  5 worker ants
  2 hound zombies
  A hound skeleton (D:8)
  A howler monkey zombie (D:6)
  6 gnolls
  10 adders
  A shadow imp (D:9)
  4 white imps
  2 ufetubi
  An adder zombie (D:7)
  2 worms
  4 dart slugs
  7 leopard geckos
  23 orcs
  2 giant cockroaches
  9 hobgoblins
  6 jackals
  6 quokkas
  6 bats
  6 frilled lizards
  6 goblins
  14 kobolds
  A quokka zombie (D:5)
  10 rats
403 creatures vanquished.

Vanquished Creatures (collateral kills)
  A hydra (Lair:3)
  A lindwurm (Lair:6)
  A scorpion (D:9)
  A howler monkey (D:7)
  An orc priest (D:7)
  2 orcs (D:7)
7 creatures vanquished.

Vanquished Creatures (others)
  A polar bear (Lair:6)
  Menkaure (D:5)
  A wolf (Lair:3)
  A gnoll (D:5)
  An orc (D:6)
  44 fungi
  75 plants
124 creatures vanquished.

Grand Total: 534 creatures vanquished

Notes
Turn   | Place    | Note
-------+----------+-------------------------------------------
     0 | D:1      | Jerry the Troll Chaos Knight began the quest for the Orb.
     0 | D:1      | Reached XP level 1. HP: 22/22 MP: 0/0
    86 | D:1      | XOM: silly message
   124 | D:1      | Reached XP level 2. HP: 29/29 MP: 1/1
   740 | D:2      | XOM: cloud trail
   797 | D:2      | Reached XP level 3. HP: 35/36 MP: 2/2
  1073 | D:2      | XOM is BORED!
  1073 | D:2      | XOM: noise
  1408 | D:2      | Reached skill level 4 in Unarmed Combat
  1693 | D:3      | XOM: scenery: summon butterflies
  1756 | D:3      | XOM: divination: magic mapping
  1762 | D:3      | Reached XP level 4. HP: 35/44 MP: 3/3
  1928 | D:3      | XOM: cloud trail
  2268 | D:3      | You fall into a shaft and drop 3 floors!
  2268 | D:6      | Noticed an ogre
  2274 | D:6      | Noticed a centaur
  2279 | D:7      | Noticed a gnoll sergeant
  2297 | D:8      | Noticed a centaur
  2304 | D:7      | XOM: enchant monster (good)
  2313 | D:7      | Killed a gnoll sergeant
  2314 | D:7      | Reached XP level 5. HP: 46/53 MP: 4/4
  2460 | D:7      | Reached skill level 5 in Unarmed Combat
  2492 | D:7      | Noticed a sky beast
  2502 | D:7      | Killed a sky beast
  2503 | D:7      | Reached XP level 6. HP: 56/61 MP: 5/5
  2642 | D:6      | XOM: scenery: 1 doors close
  2644 | D:6      | XOM: summons 2 friendly demons
  2653 | D:6      | Reached XP level 7. HP: 35/68 MP: 6/6
  2656 | D:6      | Reached skill level 6 in Unarmed Combat
  2953 | D:6      | XOM: scenery: 2 doors close
  3017 | D:5      | Entered Level 5 of the Dungeon
  3026 | D:5      | XOM: destruction
  3136 | D:5      | Noticed Menkaure
  3137 | D:5      | Killed Menkaure
  3137 | D:5      | XOM: divine lightning
  3199 | D:5      | Found Qadghacing's Antique Weapon Shoppe.
  3457 | D:3      | XOM: scenery: create altars
  3624 | D:4      | Noticed Ijyb
  3640 | D:4      | Killed Ijyb
  3664 | D:4      | XOM: scenery: summon butterflies
  3698 | D:4      | Noticed Dowan
  3699 | D:4      | Noticed Duvessa
  3703 | D:4      | XOM: fog
  3705 | D:4      | Killed Dowan
  3706 | D:4      | Reached skill level 7 in Unarmed Combat
  3711 | D:4      | Killed Duvessa
  3712 | D:4      | Reached XP level 8. HP: 43/79 MP: 7/7
  3893 | D:4      | XOM: give mutation
  3893 | D:4      | Gained mutation: Your muscles are strong. (Str +2) [Xom's
                  | grace]
  4264 | D:4      | XOM: noise
  4673 | D:5      | Found a staircase to the Ecumenical Temple.
  4698 | Temple   | Entered the Ecumenical Temple
  4850 | D:5      | XOM: god gift: papyrus book {god gift}
  5031 | D:6      | Found an iron altar of Okawaru.
  5047 | D:6      | Got a heavily runed steel ring
  5213 | D:6      | Identified the ring "Viacofoo" {rElec rC+ Int+5 Dex-2} (You
                  | found it on level 6 of the Dungeon)
  5216 | D:7      | XOM: potion effect (curing)
  5307 | D:7      | XOM: silly message
  5328 | D:7      | Reached skill level 8 in Unarmed Combat
  5357 | D:7      | Reached skill level 5 in Fighting
  5428 | D:7      | Noticed Pikel
  5433 | D:7      | Killed Pikel
  5434 | D:7      | Reached skill level 5 in Dodging
  5434 | D:7      | Reached XP level 9. HP: 83/88 MP: 8/8
  5518 | D:7      | Found a basalt altar of Yredelemnul.
  5650 | D:7      | XOM: polymorph ufetubus -> iron imp
  5653 | D:7      | XOM: potion effect (haste)
  5657 | D:7      | Reached skill level 9 in Unarmed Combat
  5705 | D:7      | Noticed Joseph
  5719 | D:7      | Killed Joseph
  5927 | D:8      | XOM: silly message
  5947 | D:8      | Found an opulent altar of Gozag.
  5978 | D:8      | XOM: silly message
  6013 | D:8      | XOM: 1-stop teleportation journey
  6152 | D:8      | Found a hazy altar of Hepliaklqana.
  6152 | D:8      | Found a snail-covered altar of Cheibriados.
  6154 | D:8      | Found a hide-covered altar of Uskayaw.
  6205 | D:8      | Found a transporter.
  6214 | D:8      | Found a transporter.
  6216 | D:8      | Noticed a centaur warrior
  6397 | D:8      | Found a shadowy altar of Dithmenos.
  6525 | D:8      | XOM: cast spell 'Metabolic Englaciation'
  6698 | D:9      | XOM: noise
  6818 | D:9      | XOM: enchant monster (good)
  6822 | D:9      | Reached skill level 10 in Unarmed Combat
  6855 | D:9      | Found a staircase to the Orcish Mines.
  6887 | D:9      | Noticed a komodo dragon
  6900 | D:9      | XOM: enchant monster (good)
  6903 | D:9      | Killed a komodo dragon
  6904 | D:9      | Reached XP level 10. HP: 95/100 MP: 9/9
  6943 | D:9      | Noticed a two-headed ogre
  6953 | D:9      | XOM: cleaving
  6954 | D:9      | Killed a two-headed ogre
  6955 | D:9      | Reached skill level 11 in Unarmed Combat
  7059 | D:9      | Found a staircase to the Lair.
  7392 | D:9      | XOM: god gift: scroll labelled NEGIPEA FISHRO {god gift}
  7478 | D:9      | Found a shadowy altar of Dithmenos.
  7478 | D:9      | Found a glowing golden altar of the Shining One.
  7506 | D:9      | Noticed a harpy
  7515 | D:9      | Killed a harpy
  7706 | D:9      | Found a roughly hewn altar of Beogh.
  7712 | D:9      | XOM: polymorph orc -> quokka
  7745 | D:9      | Identified a scroll of acquirement
  7745 | D:9      | Acquired a +2 cloak of willpower
  7783 | Lair:1   | Entered Level 1 of the Lair of Beasts
  7783 | Lair:1   | Noticed a cane toad
  7783 | Lair:1   | XOM: destruction
  7787 | Lair:1   | XOM: blink monster(s)
  7789 | Lair:1   | Killed a cane toad
  7789 | Lair:1   | XOM: potion effect (berserk rage)
  7790 | Lair:1   | Reached skill level 12 in Unarmed Combat
  7881 | Lair:1   | Found an ornate altar of the Wu Jian Council.
  7889 | Lair:1   | XOM: confuse monster(s)
  7890 | Lair:1   | Noticed a seven-headed hydra
  7909 | Lair:1   | Killed a nine-headed hydra
  7910 | Lair:1   | Reached skill level 1 in Armour
  7910 | Lair:1   | Reached XP level 11. HP: 51/109 MP: 10/10
  7981 | Lair:1   | XOM is BORED!
  7981 | Lair:1   | XOM: noise
  8029 | Lair:1   | XOM: confuse monster(s)
  8229 | Lair:1   | XOM is BORED!
  8331 | Lair:1   | XOM: torment (54/111 hp)
  8509 | Lair:1   | XOM: destruction
  8512 | Lair:1   | XOM: enchant monster (good)
  8517 | Lair:1   | XOM: silly message
  8593 | Lair:1   | XOM: give mutations
  8593 | Lair:1   | Lost mutation: Your muscles are strong. (Str +2) [Xom's
                  | mischief]
  8593 | Lair:1   | Gained mutation: You are dopey. (Int -2) [Xom's mischief]
  8807 | Lair:2   | Found a runed translucent door.
  8817 | Lair:2   | Noticed wty's ghost (journeyman VSCj)
  8829 | Lair:2   | XOM: enchant monster (good)
  8851 | Lair:2   | XOM: destruction
  9037 | Lair:2   | XOM: enchant monster (good)
  9187 | Lair:2   | Reached skill level 13 in Unarmed Combat
  9304 | Lair:2   | XOM: enchant monster (good)
  9481 | Lair:2   | XOM: god gift: 36 gold pieces
  9729 | Lair:2   | XOM: summons 3 hostile demons
  9821 | Lair:3   | XOM: potion effect (might)
  9829 | Lair:3   | XOM: 1-stop teleportation journey
  9855 | Lair:3   | Noticed a four-headed hydra
  9856 | Lair:3   | XOM: give mutations
  9856 | Lair:3   | Gained mutation: You are resistant to electric shocks.
                  | (rElec) [Xom's grace]
  9856 | Lair:3   | Gained mutation: You are partially covered in iridescent
                  | scales. (AC +2) [Xom's grace]
  9856 | Lair:3   | Gained mutation: You are strong-willed. (Will+) [Xom's
                  | grace]
  9856 | Lair:3   | Noticed a six-headed hydra
  9871 | Lair:3   | XOM: god gift: 16 gold pieces
  9916 | Lair:4   | Reached XP level 12. HP: 111/122 MP: 11/11
  9952 | Lair:5   | Found a staircase to the Slime Pits.
  9952 | Lair:5   | Noticed a five-headed hydra
  9955 | Lair:4   | XOM: enchant monster (good)
  9983 | Lair:3   | XOM: destruction
 10007 | Lair:3   | XOM: silly message
 10017 | Lair:3   | XOM: enchant monster (good)
 10019 | Lair:3   | XOM: destruction
 10035 | Lair:3   | XOM: polymorph yak -> harpy
 10045 | Lair:3   | XOM: scenery: 1 doors open
 10113 | Lair:3   | XOM: divination: magic mapping
 10123 | Lair:3   | XOM: enchant monster (good)
 10142 | Lair:3   | Killed a six-headed hydra
 10246 | Lair:3   | XOM: divination: magic mapping
 10464 | Lair:3   | XOM: destruction
 10482 | Lair:3   | Found the +8 autumn katana {vorpal, Clar}
 10607 | Lair:3   | XOM: summons 9 friendly demons
 10611 | Lair:3   | Killed a six-headed hydra
 10716 | Lair:4   | Found a staircase to the Shoals.
 10729 | Lair:4   | Found a staircase to the Snake Pit.
 10759 | Lair:4   | Reached skill level 14 in Unarmed Combat
 10886 | Lair:4   | XOM: summons friendly ufetubus
 10947 | Lair:4   | XOM: potion effect (haste)
 10951 | Lair:4   | XOM: cast spell 'Call Canine Familiar'
 10974 | Lair:4   | XOM: noise
 10988 | Lair:4   | Reached skill level 5 in Armour
 10995 | Lair:4   | XOM: enchant monster (good)
 11065 | Lair:4   | XOM: enchant monster (good)
 11076 | Lair:4   | XOM: divination: detect items
 11206 | Lair:4   | XOM: silly message
 11490 | Lair:5   | XOM: potion effect (might)
 11494 | Lair:5   | Noticed a four-headed hydra
 11555 | Lair:5   | XOM: scenery: create altars
 11566 | Lair:5   | Killed a six-headed hydra
 11582 | Lair:5   | XOM: cast spell 'Monstrous Menagerie'
 11595 | Lair:4   | Killed a seven-headed hydra
 11681 | Lair:4   | XOM: potion effect (brilliance)
 11693 | Lair:5   | XOM: polymorph rime drake -> harpy
 11705 | Lair:5   | XOM: enchant monster (good)
 11716 | Lair:5   | Reached XP level 13. HP: 109/131 MP: 12/12
 11869 | Lair:5   | XOM: 4-stop teleportation journey
 12062 | Lair:6   | Entered Level 6 of the Lair of Beasts
 12069 | Lair:6   | XOM: confusion
 12073 | Lair:6   | XOM: summons 4 friendly demons
 12209 | Lair:6   | XOM: summons friendly white imp
 12216 | Lair:6   | XOM: enchant monster (good)
 12337 | Lair:6   | XOM: enchant monster (good)
 12435 | Lair:6   | Noticed a dire elephant
 12461 | Lair:6   | XOM: enchant monster (good)
 12465 | Lair:6   | Killed a dire elephant
 12466 | Lair:6   | Reached skill level 15 in Unarmed Combat
 12468 | Lair:6   | XOM: cleaving
 12474 | Lair:6   | XOM: god gift: lightning rod (4/4)
 12482 | Lair:6   | XOM: god gift: fuming emerald potion {god gift}
 12488 | Lair:6   | XOM: silly message
 12617 | Lair:6   | XOM: summons friendly white imp
 12661 | Lair:6   | XOM: divination: magic mapping
 12712 | Lair:6   | XOM: cloud trail
 12842 | Lair:6   | XOM: confuse monster(s)
 12855 | Lair:6   | XOM: cast spell 'Shadow Creatures'
 12946 | Lair:6   | XOM: confusion (+ monsters)
 12947 | Lair:6   | XOM: noise
 12950 | Lair:6   | XOM: enchant monster (good)
 12973 | Lair:6   | XOM: cast spell 'Olgreb's Toxic Radiance'
 12982 | Lair:6   | XOM: silly message
 13095 | Lair:6   | XOM: divination: detect creatures
 13128 | Lair:6   | Paralysed by a hornet for 3 turns
 13245 | Lair:6   | Found a runed translucent door.
 13246 | Lair:6   | Noticed a fire dragon
 13268 | Lair:6   | XOM: blink monster(s)
 13285 | Lair:6   | XOM: potion effect (curing)
 13577 | Lair:6   | XOM: stat loss: -1 Int (7/8)
 13581 | Lair:6   | Reached skill level 10 in Fighting
 13749 | Lair:6   | XOM: enchant monster (bad)
 13752 | Lair:6   | XOM: enchant monster (bad)
 14010 | Lair:6   | Reached skill level 10 in Dodging
 14263 | Lair:6   | a fire dragon changed into a great orb of eyes
 14263 | Lair:6   | XOM: polymorph fire dragon -> great orb of eyes
 14341 | Slime:1  | Entered Level 1 of the Pits of Slime
 14399 | Slime:1  | XOM: give mutations
 14399 | Slime:1  | Lost mutation: You are partially covered in iridescent
                  | scales. (AC +2) [Xom's mischief]
 14399 | Slime:1  | Gained mutation: You expend magic power (3 MP) to
                  | strengthen your wands. [Xom's mischief]
 14470 | Slime:1  | Noticed an acid blob
 14577 | Slime:1  | XOM: summons 7 hostile demons
 14580 | Slime:1  | Killed an acid blob
 14581 | Slime:1  | Reached XP level 14. HP: 51/143 MP: 3/13
 14601 | Lair:5   | XOM: give mutations
 14601 | Lair:5   | Lost mutation: You expend magic power (3 MP) to strengthen
                  | your wands. [Xom's mischief]
 14601 | Lair:5   | Gained mutation: You are weak. (Str -2) [Xom's mischief]
 14601 | Lair:5   | Gained mutation: Your body sometimes deteriorates upon
                  | taking damage. [Xom's mischief]
 14601 | Lair:5   | Gained mutation: Your body often deteriorates upon taking
                  | damage. [Xom's mischief]
 14719 | Slime:1  | Reached skill level 16 in Unarmed Combat
 14732 | Slime:1  | XOM: potion effect (magic)
 14739 | Slime:1  | Noticed an acid blob
 14749 | Slime:1  | XOM: polymorph slime creature -> snapping turtle
 14751 | Slime:1  | Splashed by an acid blob's acid

Illustrated notes

Levels and vault maps discovered:
D:1:      kilobyte_arrival_exit_the_forest, layout_rooms
D:2:      layout_loops_corners, minmay_tromino_v4_b
D:3:      layout_loops_corners, grunt_decor_arrowhead,
          minmay_goblin_kobold_house
D:4:      layout_loops_corners, serial_forest, infiniplex_forest_clump_large,
          infiniplex_forest_straight_2, infiniplex_forest_clump_medium,
          infiniplex_forest_straight_4, uniq_duvessa, uniq_ijyb
D:5:      layout_basic, minmay_temple_entry_nine_rooms, serial_shops,
          nicolae_shop_statue_plus, corexii_leaking_fountain,
          minmay_misc_feat_roman, chequers_serial_rivers_micro_a, uniq_menkaure
D:6:      layout_gridville, okawaru_trees_1
D:7:      layout_gridville, old_standard_altar, hangedman_decor_diamond_cutter,
          uniq_pikel, uniq_joseph
D:8:      layout_basic, gammafunk_temple_overflow_arena, lemuel_round_altar,
          grunt_dithmenos_shadows
D:9:      layout_roguey, grunt_lair_entry_orc_guard_hut,
          minmay_orc_entry_temple_small, jmf_multi_god_temple
Temple:   regret_index_temple_sphere_string
Lair:1:   layout_misc_corridors, basic_altar
Lair:2:   layout_gridlike, ebering_ghost_inner_flame, ice2_lemuel
Lair:3:   layout_roguey
Lair:4:   layout_roguey, shoals_dummy_entry, guppyfry_snake_entry_garden,
          beast_lair_carwin_5
Lair:5:   layout_cave_shapes, slime_dummy, serial_forest,
          infiniplex_forest_clump_small, infiniplex_forest_lined_2,
          infiniplex_forest_clump_double, infiniplex_forest_zigzag_1,
          infiniplex_forest_clump_tiny, infiniplex_forest_lined_2
Lair:6:   wormcave, layout_long_grid, hangedman_lair_in_review,
          nicolae_volcano_entry_s_turn
Slime:1:  layout_caves, nicolae_slime_phagocytosis

Skill      XL: |  1  2  3  4  5  6  7  8  9 10 11 12 13 14 |
---------------+-------------------------------------------+-----
Dodging        | 2 3 4 5 6 7 8 9 10 | 10.2
Unarmed Combat | 4 5 7 8 10 12 13 14 15 16 | 16.0
Fighting       | 3 4 5 6 7 8 9 10 | 10.1
Armour         | 1 3 5 7 |  7.1
Stealth        | |  0.8

Action                   |  1- 3 |  4- 6 |  7- 9 | 10-12 | 13-15 || total
-------------------------+-------+-------+-------+-------+-------++-------
Melee: Unarmed           |   119 |    82 |   303 |   615 |   378 ||  1497
       Punch             |       |     2 |    14 |    34 |    32 ||    82
       Whip              |       |       |       |       |    13 ||    13
Evoke: Wand              |       |       |       |    57 |       ||    57
  Use: Scroll            |       |     2 |    10 |     8 |    11 ||    31
       Potion            |       |       |       |     1 |     3 ||     4
 Stab: Sleeping          |       |       |     4 |     1 |       ||     5
       Distracted        |       |       |     1 |     2 |       ||     3
       Paralysed         |       |       |       |     4 |       ||     4
       Confused          |       |       |       |     1 |     1 ||     2
       Petrifying        |       |       |       |     1 |       ||     1
Armor: Robe              |    35 |    20 |    44 |     9 |       ||   108
       Troll leather arm |       |       |       |   170 |    76 ||   246
Dodge: Dodged            |   107 |    75 |   222 |   679 |   436 ||  1519
